MWL (24 & UNDER)
BARRY'S BAY ORIOLES @ MINNESOTA DEATH STARS
08/05/2023
 
TOP OF THE 1ST
Barry's Bay Orioles batting - Pitching for Minnesota Death Stars : LHP Keith Jennings
Pitching: LHP Keith Jennings
Batting: LHB Javier Orozco 0-0: Fly out, F9 (Flyball, 9M)
Batting: RHB Juan Velásquez 0-0: Ball
1-0: Fly out, F8 (Flyball, 8LM)
Batting: LHB Joaquín González 0-0: Called Strike
0-1: Ball
1-1: Foul Ball, location: 2F
1-2: Foul Ball, location: 2F
1-2: Ball
2-2: Ball
3-2: Fly out, F4 (Popup, 4MD)
Top of the 1st over - 0 run(s), 0 hit(s), 0 error(s), 0 left on base; Barry's Bay 0 - Minnesota 0
BOTTOM OF THE 1ST
Minnesota Death Stars batting - Pitching for Barry's Bay Orioles : RHP Juan Gutiérrez
Pitching: RHP Juan Gutiérrez
Batting: RHB Manny Clemente 0-0: Ball
1-0: Ball
2-0: Foul Ball, location: 2F
2-1: Called Strike
2-2: Ball
3-2: Ground out 1-3 (Groundball, 15)
Batting: RHB Peter Dixon 0-0: Called Strike
0-1: Ball
1-1: Ball
2-1: Ball
3-1: Base on Balls
Batting: LHB Chris Loudermilk 0-0: Ball
Pickoff Throw by Catcher to First - Out!
1-0: Foul Ball, location: 2F
1-1: Called Strike
1-2: Ball
2-2: Ball
3-2: Base on Balls
Batting: RHB Herb Ashley 0-0: Called Strike
0-1: Ball
1-1: Ball
2-1: Foul Ball, location: 2F
2-2: Fielders Choice at 2nd, U6 (Groundball, 6M)
Bottom of the 1st over - 0 run(s), 0 hit(s), 0 error(s), 1 left on base; Barry's Bay 0 - Minnesota 0
TOP OF THE 2ND
Barry's Bay Orioles batting - Pitching for Minnesota Death Stars : LHP Keith Jennings
Batting: RHB Enrico Ramos 0-0: Ball
1-0: Ball
2-0: Called Strike
2-1: Fly out, F3 (Popup, 3S)
Batting: RHB Pedro Molina 0-0: Ball
1-0: Ball
2-0: Foul Ball, location: 2F
2-1: Foul Ball, location: 2F
2-2: Foul Ball, location: 2F
2-2: Ball
3-2: SINGLE (Groundball, 34)
Batting: RHB Vincent Braun 0-0: Called Strike
0-1: Ball
1-1: Ball
2-1: Foul Ball, location: 2F
2-2: Foul Ball, location: 2F
2-2: Ground out 4-3 (Groundball, 4M)
Pedro Molina to second
Batting: LHB Carlos Barrios 0-0: Ball
1-0: Ground out U3 (Groundball, 3)
Top of the 2nd over - 0 run(s), 1 hit(s), 0 error(s), 1 left on base; Barry's Bay 0 - Minnesota 0
BOTTOM OF THE 2ND
Minnesota Death Stars batting - Pitching for Barry's Bay Orioles : RHP Juan Gutiérrez
Batting: RHB Jorge Martínez 0-0: Ground out 6-3 (Groundball, 6)
Batting: SHB Boys van der Lack 0-0: Ball
1-0: Foul Ball, location: 2F
1-1: Ball
2-1: Fly out, F7 (Popup, 56D)
Batting: RHB Chet Decker 0-0: Ball
1-0: Ball
2-0: Called Strike
2-1: Swinging Strike
2-2: Strikes out looking
Bottom of the 2nd over - 0 run(s), 0 hit(s), 0 error(s), 0 left on base; Barry's Bay 0 - Minnesota 0
TOP OF THE 3RD
Barry's Bay Orioles batting - Pitching for Minnesota Death Stars : LHP Keith Jennings
Batting: RHB Tom Hughes 0-0: Fly out, F7 (Flyball, 78D)
Batting: RHB Curt Wagner 0-0: Ball
1-0: Ball
2-0: Ball
3-0: Base on Balls
Batting: LHB Javier Orozco 0-0: Ball
1-0: Foul Ball, location: 2F
1-1: Foul Ball, location: 2F
1-2: Strikes out swinging
Batting: RHB Juan Velásquez 0-0: Ball
1-0: Ball
2-0: Ball
3-0: Base on Balls
Curt Wagner to second
Batting: LHB Joaquín González 0-0: Ball
1-0: Called Strike
1-1: SINGLE (Line Drive, 4MD)
Curt Wagner to third
Juan Velásquez to second
Runner from 3rd tries for Home, SAFE, no throw or cutoff
Batting: RHB Enrico Ramos 0-0: Ball
1-0: Ball
2-0: Ball
3-0: Called Strike
3-1: Fly out, F9 (Flyball, 9LM)
Top of the 3rd over - 1 run(s), 1 hit(s), 0 error(s), 2 left on base; Barry's Bay 1 - Minnesota 0
BOTTOM OF THE 3RD
Minnesota Death Stars batting - Pitching for Barry's Bay Orioles : RHP Juan Gutiérrez
Batting: SHB Barrett Bowden 0-0: Ball
1-0: Ground out 4-3 (Groundball, 34)
Batting: LHB Alberto Medine 0-0: Ball
1-0: Called Strike
1-1: Ball
2-1: Ball
3-1: Called Strike
3-2: Base on Balls
Batting: RHB Manny Clemente 0-0: Ball
1-0: Called Strike
1-1: Ball
2-1: Foul Ball, location: 2F
2-2: Foul Ball, location: 2F
2-2: Grounds into double play, 5-4-3 (Groundball, 56)
Bottom of the 3rd over - 0 run(s), 0 hit(s), 0 error(s), 0 left on base; Barry's Bay 1 - Minnesota 0
TOP OF THE 4TH
Barry's Bay Orioles batting - Pitching for Minnesota Death Stars : LHP Keith Jennings
Batting: RHB Pedro Molina 0-0: Ball
1-0: Ball
2-0: Swinging Strike
2-1: Foul Ball, location: 2F
2-2: Ball
3-2: Strikes out swinging
Batting: RHB Vincent Braun 0-0: Ball
1-0: Fly out, F8 (Flyball, 8LXD)
Batting: LHB Carlos Barrios 0-0: Ground out 5-3 (Groundball, 5)
Top of the 4th over - 0 run(s), 0 hit(s), 0 error(s), 0 left on base; Barry's Bay 1 - Minnesota 0
BOTTOM OF THE 4TH
Minnesota Death Stars batting - Pitching for Barry's Bay Orioles : RHP Juan Gutiérrez
Batting: RHB Peter Dixon 0-0: Called Strike
0-1: Ball
1-1: Ball
2-1: Foul Ball, location: 2F
2-2: Foul Ball, location: 2F
2-2: Strikes out swinging
Batting: LHB Chris Loudermilk 0-0: Foul Ball, location: 2F
0-1: Ball
1-1: Swinging Strike
1-2: Strikes out swinging
Batting: RHB Herb Ashley 0-0: Called Strike
0-1: Fly out, F6 (Line Drive, 6)
Bottom of the 4th over - 0 run(s), 0 hit(s), 0 error(s), 0 left on base; Barry's Bay 1 - Minnesota 0
TOP OF THE 5TH
Barry's Bay Orioles batting - Pitching for Minnesota Death Stars : LHP Keith Jennings
Batting: RHB Tom Hughes 0-0: Called Strike
0-1: Ball
1-1: Ball
2-1: Foul Ball, location: 2F
2-2: Strikes out swinging
Batting: RHB Curt Wagner 0-0: Ball
1-0: DOUBLE (Flyball, 89S)
Batting: LHB Javier Orozco 0-0: Ball
1-0: Ball
2-0: Foul Ball, location: 2F
2-1: Swinging Strike
2-2: Ground out 3-1 (Groundball, 34)
Curt Wagner to third
Batting: RHB Juan Velásquez 0-0: SINGLE (Line Drive, 78S)
Curt Wagner scores
Pitching: RHP Jacob Christian
Batting: LHB Joaquín González 0-0: Foul Ball, location: 2F
0-1: Ball
1-1: DOUBLE (Line Drive, 9LD)
Juan Velásquez to third
Runner from 3rd tries for Home, SAFE, no throw or cutoff
Pinch Runner at 2nd Jonathan Montgomery:
Batting: RHB Enrico Ramos 0-0: 2-RUN HOME RUN (Flyball, 7D), Distance : 376 ft
Batting: RHB Pedro Molina 0-0: Swinging Strike
0-1: Foul Ball, location: 2F
0-2: Ball
1-2: Ball
2-2: Strikes out looking
Top of the 5th over - 4 run(s), 4 hit(s), 0 error(s), 0 left on base; Barry's Bay 5 - Minnesota 0
BOTTOM OF THE 5TH
Minnesota Death Stars batting - Pitching for Barry's Bay Orioles : RHP Juan Gutiérrez
Now in RF: Jonathan Montgomery
Batting: RHB Jorge Martínez 0-0: Ball
1-0: Fly out, F6 (Popup, 6D)
Batting: SHB Boys van der Lack 0-0: Ball
1-0: Called Strike
1-1: Ball
2-1: Ground out 2-3 (Groundball, 23)
Batting: RHB Chet Decker 0-0: Called Strike
0-1: SINGLE (Groundball, 34D)
Batting: SHB Barrett Bowden 0-0: Foul Ball, location: 2F
0-1: Called Strike
0-2: Strikes out swinging
Bottom of the 5th over - 0 run(s), 1 hit(s), 0 error(s), 1 left on base; Barry's Bay 5 - Minnesota 0
TOP OF THE 6TH
Barry's Bay Orioles batting - Pitching for Minnesota Death Stars : RHP Jacob Christian
Batting: RHB Vincent Braun 0-0: Foul Ball, location: 2F
0-1: Called Strike
0-2: Ball
1-2: Ball
2-2: Foul Ball, location: 2F
2-2: Ball
3-2: Foul Ball, location: 2F
3-2: Foul Ball, location: 2F
3-2: Strikes out swinging
Batting: LHB Carlos Barrios 0-0: Called Strike
0-1: Ball
1-1: Called Strike
1-2: Ball
2-2: Foul Ball, location: 2F
2-2: Foul Ball, location: 2F
2-2: Foul Ball, location: 2F
2-2: Ball
3-2: Foul Ball, location: 2F
3-2: Base on Balls
Batting: RHB Tom Hughes 0-0: Ball
1-0: Called Strike
1-1: Foul Ball, location: 2F
1-2: Strikes out looking
Batting: RHB Curt Wagner 0-0: Called Strike
0-1: Fly out, F5 (Popup, 5SF)
Top of the 6th over - 0 run(s), 0 hit(s), 0 error(s), 1 left on base; Barry's Bay 5 - Minnesota 0
BOTTOM OF THE 6TH
Minnesota Death Stars batting - Pitching for Barry's Bay Orioles : RHP Juan Gutiérrez
Batting: LHB Alberto Medine 0-0: Ball
1-0: Ball
2-0: SINGLE (Line Drive, 4MD)
Batting: RHB Manny Clemente 0-0: Ball
1-0: Foul Ball, location: 2F
1-1: Ball
2-1: Ball
3-1: Foul Ball, location: 2F
3-2: Strikes out swinging
Batting: RHB Peter Dixon 0-0: Ball
1-0: Swinging Strike
1-1: Foul Ball, location: 2F
1-2: DOUBLE (Groundball, 5L)
Alberto Medine to third
Runner from 3rd tries for Home, SAFE, throw made at trailing runner, SAFE at third!
Batting: LHB Chris Loudermilk 0-0: Swinging Strike
0-1: Ball
1-1: SINGLE (Groundball, 56D)
Peter Dixon scores
Pitching: RHP Chad Weber
Batting: RHB Herb Ashley 0-0: Ball
1-0: Fly out, F9 (Flyball, 89M)
Batting: RHB Jorge Martínez 0-0: Ball
1-0: Foul Ball, location: 2F
1-1: Ball
2-1: Swinging Strike
2-2: Ball
3-2: Strikes out looking
Bottom of the 6th over - 2 run(s), 3 hit(s), 0 error(s), 1 left on base; Barry's Bay 5 - Minnesota 2
TOP OF THE 7TH
Barry's Bay Orioles batting - Pitching for Minnesota Death Stars : RHP Jacob Christian
Batting: LHB Javier Orozco 0-0: Called Strike
0-1: Ground out 4-3 (Groundball, 4)
Batting: RHB Juan Velásquez 0-0: Called Strike
0-1: Swinging Strike
0-2: SINGLE (Line Drive, 34D)
Batting: RHB Jonathan Montgomery 0-0: Called Strike
0-1: Ball
Passed Ball!
Juan Velásquez to second
1-1: Ball
2-1: Swinging Strike
2-2: Fly out, F9 (Flyball, 9M)
Runner from 2nd tags up, OUT at 3rd
Top of the 7th over - 0 run(s), 1 hit(s), 0 error(s), 0 left on base; Barry's Bay 5 - Minnesota 2
BOTTOM OF THE 7TH
Minnesota Death Stars batting - Pitching for Barry's Bay Orioles : RHP Chad Weber
Batting: SHB Boys van der Lack 0-0: Ball
1-0: Ball
2-0: Foul Ball, location: 2F
2-1: Called Strike
2-2: Fly out, F7 (Flyball, 7M)
Batting: RHB Chet Decker 0-0: Ball
1-0: Ball
2-0: Called Strike
2-1: Ball
3-1: Foul Ball, location: 2F
3-2: Base on Balls
Batting: SHB Barrett Bowden 0-0: Ball
1-0: Swinging Strike
1-1: Fielders Choice at 2nd, 3-6 (Groundball, 3)
Batting: LHB Alberto Medine 0-0: Ball
1-0: Swinging Strike
1-1: Ball
2-1: Called Strike
2-2: Ball
Barrett Bowden is caught stealing 2nd base
Bottom of the 7th over - 0 run(s), 0 hit(s), 0 error(s), 0 left on base; Barry's Bay 5 - Minnesota 2
TOP OF THE 8TH
Barry's Bay Orioles batting - Pitching for Minnesota Death Stars : RHP Jacob Christian
Pitching: RHP Ángel Uribe
Batting: RHB Enrico Ramos 0-0: Ball
1-0: Foul Ball, location: 2F
1-1: Ball
2-1: Ball
3-1: Swinging Strike
3-2: Base on Balls
Batting: RHB Pedro Molina 0-0: Fly out, F8 (Flyball, 8LM)
Batting: RHB Vincent Braun 0-0: Ball
1-0: Ball
2-0: Foul Ball, location: 2F
2-1: Foul Ball, location: 2F
2-2: Strikes out swinging
Batting: LHB Carlos Barrios 0-0: Called Strike
Enrico Ramos is caught stealing 2nd base
Top of the 8th over - 0 run(s), 0 hit(s), 0 error(s), 0 left on base; Barry's Bay 5 - Minnesota 2
BOTTOM OF THE 8TH
Minnesota Death Stars batting - Pitching for Barry's Bay Orioles : RHP Chad Weber
Batting: LHB Alberto Medine 0-0: Ball
1-0: Swinging Strike
1-1: Swinging Strike
1-2: Ball
2-2: Strikes out looking
Pitching: RHP John Wells
Batting: RHB Manny Clemente 0-0: Called Strike
0-1: Ball
1-1: Ground out 4-3 (Groundball, 4)
Batting: RHB Peter Dixon 0-0: Called Strike
0-1: Called Strike
0-2: Foul Ball, location: 2F
0-2: Ball
1-2: Ball
2-2: Fly out, F9 (Flyball, 9M)
Bottom of the 8th over - 0 run(s), 0 hit(s), 0 error(s), 0 left on base; Barry's Bay 5 - Minnesota 2
TOP OF THE 9TH
Barry's Bay Orioles batting - Pitching for Minnesota Death Stars : RHP Ángel Uribe
Pitching: RHP Domingo Rodríguez
Batting: LHB Carlos Barrios 0-0: Ball
1-0: Ball
2-0: Ball
3-0: Called Strike
3-1: Base on Balls
Batting: RHB Tom Hughes 0-0: Sac Bunt - play at first, batter OUT! 1-3
Carlos Barrios to second
Batting: RHB Curt Wagner 0-0: Called Strike
0-1: Ball
1-1: Foul Ball, location: 2F
1-2: Foul Ball, location: 2F
1-2: Fly out, F8 (Flyball, 8RM)
Batting: LHB Javier Orozco 0-0: Fly out, F8 (Flyball, 8LM)
Top of the 9th over - 0 run(s), 0 hit(s), 0 error(s), 1 left on base; Barry's Bay 5 - Minnesota 2
BOTTOM OF THE 9TH
Minnesota Death Stars batting - Pitching for Barry's Bay Orioles : RHP John Wells
Pitching: RHP Luis Pérez
Batting: LHB Chris Loudermilk 0-0: Foul Ball, location: 2F
0-1: Ball
1-1: Ball
2-1: Ball
3-1: Foul Ball, location: 2F
3-2: Base on Balls
Batting: RHB Herb Ashley 0-0: Ball
1-0: Fly out, F8 (Flyball, 8LS)
Batting: RHB Jorge Martínez 0-0: SINGLE (Groundball, 34)
Chris Loudermilk to second
Throwing error, E9
Chris Loudermilk scores
Jorge Martínez to second
Pinch Hitting: RHB Pedro Rosado 0-0: Swinging Strike
0-1: Foul Ball, location: 2F
0-2: Strikes out looking
Batting: RHB Chet Decker 0-0: Ball
1-0: Foul Ball, location: 2F
1-1: Swinging Strike
1-2: Ball
2-2: Ball
3-2: Foul Ball, location: 2F
3-2: Base on Balls
Pinch Hitting: RHB Yaichiro Sugahara 0-0: Ball
1-0: Ball
2-0: Ball
3-0: Called Strike
3-1: Called Strike
3-2: Foul Ball, location: 2F
3-2: Foul Ball, location: 2F
3-2: Base on Balls
Jorge Martínez to third
Chet Decker to second
Batting: LHB Alberto Medine 0-0: Ball
1-0: Ball
2-0: Called Strike
2-1: Called Strike
2-2: Ball
3-2: Foul Ball, location: 2F
3-2: Strikes out swinging
Bottom of the 9th over - 1 run(s), 1 hit(s), 1 error(s), 3 left on base; Barry's Bay 5 - Minnesota 3
This league is powered by Out of the Park Baseball, the baseball management simulation game for PC, Mac and Linux
Wednesday, December 2nd, 2015 - OOTP Baseball 16.8 Build 38